 Dungeon Crawl Stone Soup version 0.31-a0-620-gd1cbd99268 (webtiles) character file.

Game seed: 9873573178613416699

2219021 Flugkiller the Skinwalker (level 25, 292/292 HPs)
             Began as an Octopode Shapeshifter on Aug 22, 2023.
             Was a High Priest of Wu Jian.
             Escaped with the Orb
             ... and 3 runes on Aug 23, 2023!
             The game lasted 01:13:37 (39612 turns).

Flugkiller the Skinwalker (Octopode Shapeshifter)  Turns: 39612, Time: 01:13:37

Health: 292/292    AC: 30    Str: 34    XL:     25   Next: 92%
Magic:  14/14      EV: 28    Int:  9    God:    Wu Jian [*****.]
Gold:   5469       SH:  0    Dex: 20    Spells: 24/24 levels left

rFire   + +          +
                       - Unarmed
rCold   . . .        (shield currently unavailable)
rNeg    + . .        M - melded +2 hat of the Wheelwright {rC+ Int+2 Dex+2}
rPois   +            X - amulet of the Okapi {Rampage rPois Will+ Regen+ MP-9}
rElec   .            v - +5 ring of evasion
rCorr   .            D - +4 ring of protection
SInv    .            i - +5 ring of evasion
Will    +++..        F - +6 ring of strength
Stlth   +            p - +4 ring of protection
HPRegen 1.48/turn    H - ring of Dithmenos's Whim {Fly rF+ rN+ Will+}
MPRegen 0.14/turn    J - +4 ring of protection
                     c - ring of protection from cold

%: no passive effects
@: dragon-form, flying, studying Short Blades
A: dragon claw, dragon scales, breathe fire, flying, boosted hp, almost no
armour, amphibious, 8 rings, giant, (camouflage 1), (gelatinous body 1), (nimble
swimmer 1), (tentacles), dopey 1, sense surroundings 1, screaming 2
0: Orb of Zot
}: 3/15 runes: decaying, serpentine, silver
a: Breathe Fire, Begin Untransformation, Renounce Religion, Wall Jump, Serpent's
Lash, Heavenly Storm


You escaped.
You worshipped Wu Jian.
Wu Jian was extremely pleased with you.
You were a fearsome dragon!
You visited 9 branches of the dungeon, and saw 45 of its levels.
You also visited: Sewer, Ossuary, Ice Cave and Volcano.

You collected 8298 gold pieces.
You spent 2829 gold pieces at shops.

Inventory:

Armour
 M - the +2 hat of the Wheelwright (melded) {rC+ Int+2 Dex+2}
   (You acquired it on level 4 of the Lair of Beasts)

   Int+2:     It affects your intelligence (+2).
   Dex+2:     It affects your dexterity (+2).
   rC+:       It protects you from cold.
Jewellery
 c - a ring of protection from cold (on tentacle)
   (You found it on level 4 of the Snake Pit)
 f - a +6 ring of strength
   (You found it on level 4 of the Dungeon)
 i - a +5 ring of evasion (on tentacle)
   (You found it on level 3 of the Depths)
 m - a ring of willpower
   (You found it on level 15 of the Dungeon)
 p - a +4 ring of protection (on tentacle)
   (You bought it in a shop on level 2 of the Orcish Mines)
 v - a +5 ring of evasion (left foreclaw)
   (You found it on level 2 of the Dungeon)
 D - a +4 ring of protection (right foreclaw)
   (You bought it in a shop on level 4 of the Vaults)
 E - the ring "Gasiadir" {Will+ Dex+3}
   (You acquired it on level 4 of the Dungeon)

   [ring of willpower]

   Dex+3:     It affects your dexterity (+3).
   Will+:     It increases your willpower.
 F - a +6 ring of strength (on tentacle)
   (You found it on level 9 of the Dungeon)
 H - the ring of Dithmenos's Whim (on tentacle) {Fly rF+ rN+ Will+}
   (You acquired it on level 4 of the Lair of Beasts)

   [ring of protection from fire]

   rF+:       It protects you from fire.
   rN+:       It protects you from negative energy.
   Will+:     It increases your willpower.
   Fly:       It grants you flight.
 J - a +4 ring of protection (on tentacle)
   (You found it on level 2 of the Depths)
 K - a ring of resist corrosion
   (You found it on level 11 of the Dungeon)
 O - a +6 ring of dexterity
   (You found it on level 5 of the Lair of Beasts)
 R - a ring of positive energy
   (You found it on level 13 of the Dungeon)
 X - the amulet of the Okapi (around neck) {Rampage rPois Will+ Regen+ MP-9}
   (You found it on level 2 of the Depths)

   [amulet of regeneration]

   rPois:     It protects you from poison Will+: It increases your willpower.
   MP-9:      It affects your magic capacity (-9).
   Regen+:    It increases your rate of health regeneration.
   Rampage:   It bestows one free step when moving towards enemies.
Talismans
 a - a dragon-blood talisman (active)
   (You found it on level 4 of the Vaults)
 A - a granite talisman
   (You found it on level 5 of the Lair of Beasts)
Wands
 x - a wand of mindburst (14)
   (You found it on level 6 of the Dungeon)
 y - a wand of paralysis (28)
   (You found it on level 10 of the Dungeon)
 C - a wand of digging (20)
   (You bought it in a shop on level 3 of the Dungeon)
 L - a wand of iceblast (18)
   (You found it on level 2 of the Lair of Beasts)
 P - a wand of quicksilver (19)
   (You found it on level 5 of the Lair of Beasts)
Scrolls
 b - 9 scrolls of fog
 g - 5 scrolls of poison
 l - a scroll of butterflies
 t - 19 scrolls of teleportation
 z - 5 scrolls of blinking
 B - 7 scrolls of vulnerability
 G - 4 scrolls of fear
 N - 7 scrolls of immolation
 Q - 2 scrolls of silence
Potions
 d - 4 potions of might
 e - 5 potions of magic
 h - 6 potions of haste
 j - 3 potions of cancellation
 k - 2 potions of invisibility
 n - a potion of resistance
 o - a potion of enlightenment
 q - 13 potions of curing
 s - a potion of ambrosia
 u - 8 potions of mutation
 w - 11 potions of heal wounds
 S - 3 potions of brilliance
 T - 3 potions of berserk rage
 Y - a potion of lignification
 Z - 6 potions of attraction
Miscellaneous
 V - a phantom mirror
   (You found it on level 2 of the Vaults)
 W - a sack of spiders
   (You found it on level 3 of the Swamp)


   Skills:
 + Level 22.0 Fighting
 - Level 17.0 Dodging
 + Level 24.7 Unarmed Combat
 - Level 10.0 Evocations
 - Level 25.0 Shapeshifting


You had 24 spell levels left.
You didn't know any spells.
Your spell library contained the following spells:

 Spells                   Type           Power      Damage    Failure   Level
 Apportation              Tloc           0%         N/A       38%         1
 Magic Dart               Conj           0%         1d3       38%         1
 Sandblast                Erth           0%         2d4       38%         1
 Summon Small Mammal      Summ           0%         N/A       38%         1
 Call Imp                 Summ           0%         N/A       52%         2
 Cigotuvi's Dreadful Rot  Necr/Pois/Air  0%         N/A       52%         2
 Ensorcelled Hibernation  Hex/Ice        0%         N/A       52%         2
 Passwall                 Tmut/Erth      0%         N/A       52%         2
 Scorch                   Fire           0%         2d5       52%         2
 Sublimation of Blood     Necr           0%         N/A       52%         2
 Wereblood                Tmut           0%         N/A       52%         2
 Call Canine Familiar     Summ           0%         N/A       77%         3
 Dazzling Flash           Conj/Hex       0%         N/A       77%         3
 Frozen Ramparts          Ice            0%         1d1       77%         3
 Hailstorm                Conj/Ice       0%         3d3       77%         3
 Ignite Poison            Fire/Tmut/Pois 0%         N/A       77%         3
 Inner Flame              Hex/Fire       0%         N/A       77%         3
 Mephitic Cloud           Conj/Pois/Air  0%         N/A       77%         3
 Portal Projectile        Hex/Tloc       0%         N/A       77%         3
 Stone Arrow              Conj/Erth      0%         3d7       77%         3
 Summon Guardian Golem    Hex/Summ       0%         N/A       77%         3
 Tukima's Dance           Hex            0%         N/A       77%         3
 Vhi's Electric Charge    Tloc/Air       0%         N/A       77%         3
 Volatile Blastmotes      Fire/Tloc      0%         2d10      77%         3
 Animate Dead             Necr           0%         N/A       99%         4
 Cause Fear               Hex            0%         N/A       99%         4
 Flame Wave               Conj/Fire      0%         2d4       99%         4
 Fulminant Prism          Conj/Hex       0%         3d5       99%         4
 Iskenderun's Mystic Bla  Conj/Tloc      0%         2d3       99%         4
 Leda's Liquefaction      Hex/Erth       0%         N/A       99%         4
 Manifold Assault         Tloc           0%         N/A       99%         4
 Passage of Golubria      Tloc           0%         N/A       99%         4
 Petrify                  Tmut/Erth      0%         N/A       99%         4
 Sticky Flame             Conj/Fire      0%         2d3       99%         4
 Summon Ice Beast         Ice/Summ       0%         N/A       99%         4
 Alistair's Intoxication  Tmut/Pois      0%         N/A       100%        5
 Arcjolt                  Conj/Air       0%         1d10      100%        5
 Borgnjor's Vile Clutch   Necr/Erth      0%         N/A       100%        5
 Fireball                 Conj/Fire      0%         3d3       100%        5
 Freezing Cloud           Conj/Ice/Air   0%         6-21      100%        5
 Irradiate                Conj/Tmut      0%         3d11      100%        5
 Lee's Rapid Deconstruct  Erth           0%         3d4*      100%        5
 Yara's Violent Unravell  Hex/Tmut       0%         3d3       100%        5
 Death Channel            Necr           0%         N/A       100%        6
 Dispersal                Tloc           0%         N/A       100%        6
 Leda's Unmaking          Conj/Erth      0%         9d1       100%        6
 Plasma Beam              Fire/Air       0%         2x1d10    100%        6
 Simulacrum               Ice/Necr       0%         N/A       100%        6
 Starburst                Conj/Fire      0%         6d3       100%        6
 Summon Cactus Giant      Summ           0%         N/A       100%        6
 Enfeeble                 Hex            0%         N/A       100%        7
 Disjunction              Tloc           0%         N/A       100%        8
 Ignition                 Fire           0%         3d3       100%        8
 Maxwell's Capacitive Co  Air            0%         ∞         100%        8
 Dragon's Call            Summ           0%         N/A       100%        9


Dungeon Overview and Level Annotations

Branches:
Dungeon (15/15)            Temple (1/1) D:6            Lair (5/5) D:11
  Swamp (4/4) Lair:3        Snake (4/4) Lair:3        Slime (0/5) Lair:5
    Orc (2/2) D:9             Elf (0/3) Orc:2        Vaults (5/5) D:14
  Crypt (0/3) Vaults:2     Depths (4/4) D:15            Zot (5/5) Depths:4
  Sewer (visited)         Ossuary (visited)           IceCv (visited)
Volcano (visited)

Altars:
Ashenzari
Cheibriados
Dithmenos
Elyvilon
Fedhas
Gozag
Hepliaklqana
Kikubaaqudgha
Makhleb
Nemelex Xobeh
Okawaru
Qazlal
Ru
Sif Muna
Trog
Uskayaw
Vehumet
Wu Jian
Xom
Yredelemnul
Zin
The Shining One
Jiyva

Shops:
D:3 *   D:11 *   D:15 *?(*   Orc:2 **[=(   Snake:2 [   Vaults:3 [   Vaults:4 *
Vaults:5 !!(!([=   Depths:1 *

Portals:
Hell: Depths:1 Depths:2 Depths:3 Depths:4
Abyss: Depths:3 Depths:4
Pandemonium: Depths:2
Ziggurat: Depths:4

Annotations:
Lair:5 1 runed translucent door
Depths:4 exclusions: lich and 3 more exclusions


Innate Abilities, Weirdness & Mutations

You are a fearsome dragon!
You have a powerful clawing attack.
Your giant scaled body is strong and resilient, but less evasive.
You can breathe fire.
You are flying.
Your maximum health is greatly increased.
Your armour is entirely melded.
You are incapable of wielding weapons or throwing items.
You cannot wear most types of armour.
You are amphibious.
You can wear up to eight rings at the same time.
((Your skin changes colour to match your surroundings (Stealth+).))
((Your rubbery body absorbs attacks. (AC +1, EV +1)))
((You are camouflaged when in or above water. (Stealth+)))
((You have tentacles for arms and can constrict up to eight enemies at once.))
You are dopey. (Int -2)
You passively map a small area around you.
You frequently scream uncontrollably at your foes.


Message History

You claw the hellwing!
You tail-slap the hellwing, but do no damage.
The hellwing is almost dead.
The hellwing barely misses you. The hellwing misses you.
You maul the hellwing!!!!
You kill the hellwing!
The Council accepts your kill.
You lunge at the smoke demon, in a flurry of attacks.
You bite the smoke demon!!
You tail-slap the smoke demon, but do no damage.
You claw the smoke demon.
You kill the smoke demon!
The Council accepts your kill. The smoke demon gestures at you.
Something smites you!
You lunge at the smoke demon.
You maul the smoke demon!!!!
You kill the smoke demon!
The Council accepts your kill.
No target in view!
No target in view!
HP restored.
A sixfirhy comes into view.
You maul the sixfirhy!!!!
You kill the sixfirhy!
The Council accepts your kill.
No target in view!
There is a stone staircase leading up here.
You fly upwards.
There is a stone staircase leading down here.
There is a stone staircase leading up here.
You fly upwards.
There is a stone staircase leading down here.
There is a stone staircase leading up here.
You fly upwards.
There is a stone staircase leading down here.
There is a stone staircase leading up here.
You fly upwards.
There is a stone staircase leading down here.
An Orb Guardian comes into view.
There is a stone staircase leading up here.
You fly upwards.
There is a stone staircase leading down here.
Items here: )) [[.
Things that are here:
a +0 scale mail; a +0 trident
Things that are here:
3 large rocks; a +0 chain mail; a +0 battleaxe
There is a stone staircase leading up here.
You fly upwards.
There is a stone staircase leading down, spattered with blood here.
A blizzard demon comes into view.
Things that are here:
4 poisoned darts; a +0 short sword You maul the blizzard demon!!!
You tail-slap the blizzard demon, but do no damage.
The blizzard demon is heavily wounded.
You barely miss the blizzard demon. You claw the blizzard demon!!
The blizzard demon is almost dead.
You maul the blizzard demon!!!!
You kill the blizzard demon!
The Council accepts your kill.
There is a stone staircase leading up, spattered with blood here.
You fly upwards.
There is a stone staircase leading down here.
There is a stone staircase leading up here.
You fly upwards.
There is a stone staircase leading down here.
Items here: )) [[.
A green death comes into view.
The green death roars!
There is a stone staircase leading up here.
You fly upwards.
There is a stone staircase leading down here.
There is a stone staircase leading up here.
You fly upwards.
There is a stone staircase leading down here.
There is a stone staircase leading up here.
You fly upwards.
There is a stone staircase leading down here.
There is a stone staircase leading up here.
You fly upwards.
There is a stone staircase leading down here.
A Brimstone Fiend comes into view.
You maul the Brimstone Fiend!!!
You tail-slap the Brimstone Fiend, but do no damage.
You claw the Brimstone Fiend, but do no damage.
The Brimstone Fiend is heavily wounded.
You claw the Brimstone Fiend!
The Brimstone Fiend is severely wounded.
You maul the Brimstone Fiend!!!!
You kill the Brimstone Fiend!
The Council accepts your kill.
There is a stone staircase leading up here.
You fly upwards.
There is a stone staircase leading down here.
You see here a jackal skeleton.
You see here a +0 ring mail.
There is a staircase leading out of the dungeon here.
Enter note: gg You have escaped!

....##....#########...# ###
....##............#...# #.#
..####..#..####......####### #.#
.###....##.####...#........# #.#
.###.##.##.................# ##.#
.......###........[........# #...
....)###.##..........#####.###...
###.## #..############.###.......
# #.## ##.## ##D# ##...#.###... #
#..###...####..# ##....#.# #... #
##...#........####.##..#.###.## #
###.#..##..### #......#...#.# #
#..#.###.## ####.#.#.#.....#
#..##..#.####.#..#####..#..#
#####...##....#.##..###....##.##
......#..###.##....####.#..##.###
...........#..#...####..#........


There were no monsters in sight!

Vanquished Creatures
  2 dread liches (Zot:5)
  4 orbs of fire (Zot:5)
  A juggernaut (Depths:3)
  Boris (Depths:4)
  Bai Suzhen (Depths:1)
  Margery (Vaults:3)
  7 Killer Klowns (Zot:5)
  Frederick (Vaults:2)
  A curse toe (Zot:2)
  Nikola (Snake:4)
  10 golden dragons
  Jory (Vaults:4)
  Norris (Vaults:2)
  3 doom hounds (Zot:2)
  2 electric golems (Zot:5)
  A Tzitzimitl (Zot:1)
  A Brimstone Fiend (D:2)
  10 tentacled monstrosities
  2 liches
  A walking crystal tome (Depths:3)
  27 Orb Guardians
  Grunn (Zot:2)
  6 quicksilver dragons
  Asterion (Snake:4)
  2 death cobs (Zot:5)
  4 titans
  Kirke (D:13)
  Aizul (Swamp:1)
  13 storm dragons
  8 tengu reavers
  A fenstrider witch (Swamp:1)
  17 nagarajas
  7 shadow dragons
  6 fire giants
  A fenstrider witch (shapeshifter) (Vaults:2)
  6 draconian monks
  7 frost giants
  Louise (Depths:4)
  A juggernaut zombie (Depths:2)
  An iron dragon (Depths:3)
  14 vault wardens
  A ghost moth (Zot:4)
  4 draconian annihilators
  A deep elf sorcerer (Vaults:5)
  4 draconian scorchers (Zot:5)
  2 draconian stormcallers
  6 formless jellyfish
  A war gargoyle (Vaults:5)
  3 reapers (IceCv)
  11 very ugly things
  16 ironbound preservers
  2 draconian shifters (Zot:5)
  2 orc warlords
  9 ironbound thunderhulks
  2 spriggan defenders
  2 vampire knights
  21 stone giants
  4 eleionomae
  2 yellow draconians
  10 green draconians
  2 deep elf annihilators (Vaults:5)
  10 black draconians
  11 dire elephants
  A bunyip (Swamp:2)
  12 red draconians
  9 spark wasps
  10 purple draconians
  9 white draconians
  2 deep elf death magi (Vaults:5)
  5 blizzard demons
  An iron golem (Depths:3)
  3 jiangshi (Depths:2)
  3 deep elf high priests (Vaults:5)
  9 ettins
  11 fire dragons
  Josephine (Orc:1)
  6 great orbs of eyes
  5 caustic shrike simulacra (IceCv)
  13 hydras
  17 yaktaur captains
  A shambling mangrove (Swamp:1)
  3 ogre magi
  A quicksilver dragon skeleton (Vaults:2)
  6 rakshasas
  6 ice dragons
  34 vault guards
  8 centaur warriors
  4 salamander tyrants
  2 hell beasts (Depths:2)
  5 ironbound frosthearts
  A merfolk avatar (Lair:5)
  A ghost crab (Swamp:1)
  12 anacondas
  6 boulder beetles
  3 spriggan air magi
  13 alligators
  14 two-headed ogres
  6 deep troll shamans
  16 naga warriors
  4 orc high priests (Orc:2)
  5 death yaks
  14 hell knights
  13 deep troll earth magi
  4 shock serpents
  2 vampire magi
  8 naga sharpshooters
  Sonja (D:11)
  2 tengu warriors (Depths:1)
  3 spriggan berserkers
  Urug (Orc:1)
  A sun demon (Depths:1)
  13 iron trolls
  A fire crab (Swamp:4)
  A sixfirhy (D:14)
  6 salamander mystics
  7 goliath frogs
  A swamp dragon (shapeshifter) (Depths:2)
  A spark wasp zombie (Depths:2)
  A death drake (Depths:4)
  5 naga ritualists
  5 skysharks
  6 swamp dragons
  A sea snake (shapeshifter) (Vaults:5)
  5 bog bodies
  50 deep trolls
  3 skeletal warriors (Vaults:2)
  An orb spider (shapeshifter) (D:14)
  8 wizards
  2 obsidian statues (IceCv)
  2 spriggan simulacra
  4 glowing orange brains
  22 ironbound convokers
  A lindwurm (shapeshifter) (D:15)
  A tengu zombie (Vaults:4)
  5 spriggan druids
  15 lindwurms
  A steelbarb worm (shapeshifter) (Vaults:3)
  A harpy (shapeshifter) (Vaults:5)
  A shadow dragon zombie (Depths:2)
  8 harpies
  An iron dragon zombie (Depths:2)
  4 phantasmal warriors
  A sphinx simulacrum (Depths:2)
  6 orc knights
  A fire giant zombie (Vaults:4)
  9 necromancers
  A frost giant zombie (Depths:2)
  36 ugly things
  12 mana vipers
  9 orc sorcerers
  2 will-o-the-wisps
  2 deep elf pyromancers (D:14)
  7 moths of wrath
  A wolf spider (shapeshifter) (Vaults:5)
  2 manticores (Lair:5)
  An elephant (shapeshifter) (Depths:1)
  4 cyclopes
  An iron dragon skeleton (Depths:2)
  19 salamanders
  An oklob plant (D:11)
  A frost giant skeleton (Depths:2)
  Maurice (D:11)
  5 guardian serpents
  30 vault sentinels
  35 black mambas
  26 elephants
  2 stone giant skeletons (Vaults:2)
  4 human skeletons (Vaults:2)
  4 molten gargoyles (Volcano)
  23 naga magi
  2 elf skeletons (Vaults:2)
  17 cane toads
  2 smoke demons (D:14)
  An unseen horror (D:10)
  A torpor snail (Lair:4)
  A rime drake (shapeshifter) (D:15)
  3 rime drakes
  A gargoyle (D:12)
  8 komodo dragons
  3 tengu conjurers
  19 yaktaurs
  5 freezing wraiths
  An ice devil (IceCv)
  4 yaktaur skeletons
  5 efreet
  A golden dragon simulacrum (IceCv)
  6 polar bears
  A hellwing (D:14)
  9 trolls
  An alligator simulacrum (IceCv)
  14 tyrant leeches
  20 blink frogs
  16 hornets
  A tengu simulacrum (Depths:2)
  A stone giant simulacrum (Vaults:4)
  A snapping turtle (shapeshifter) (Vaults:5)
  38 slime creatures
  8 wraiths
  2 ettin skeletons (Vaults:2)
  2 water elementals (Depths:2)
  A vampire (D:10)
  2 shadows
  12 spriggans
  2 fire bats (Swamp:4)
  3 ynoxinuls (Depths:2)
  5 fire elementals (Volcano)
  4 basilisks
  44 yaks
  A hog (D:13)
  2 golden eyes (Depths:2)
  3 steam dragons (Swamp:4)
  A neqoxec (Zot:1)
  15 vampire mosquitoes
  3 wargs
  51 nagas
  An acid dragon (D:12)
  10 water moccasins
  2 hydra simulacra (IceCv)
  16 swamp worms
  9 swamp drakes
  39 orc warriors
  3 ice beasts
  3 ettin simulacra (IceCv)
  A glowing shapeshifter skeleton (Vaults:2)
  11 ogres
  6 wolves
  4 centaurs
  A phantom (D:7)
  7 gnoll sergeants
  3 kobold brigands
  7 bullfrogs
  A deep troll simulacrum (IceCv)
  9 scorpions
  2 earth elementals (Volcano)
  8 wights
  10 killer bees
  A lindwurm simulacrum (IceCv)
  2 electric eels
  3 howler monkeys
  A centaur zombie (Ossuary)
  A lava snake (Swamp:4)
  5 hounds
  2 human zombies (Ossuary)
  7 jellies
  27 orc priests
  2 gnoll boudas
  3 iron imps (D:9)
  A sleepcap (D:5)
  3 scorpion zombies (Ossuary)
  35 orc wizards
  3 mummies (Ossuary)
  25 gnolls
  9 adders
  3 white imps (D:6)
  An ufetubus (D:7)
  3 worms
  3 dart slugs
  67 orcs
  16 endoplasms
  7 giant cockroaches
  2 gnoll zombies (Ossuary)
  7 goblins
  13 hobgoblins
  5 jackals (D:1)
  6 kobolds
  5 quokkas
  A ball python (D:1)
  4 bats
  5 frilled lizards
  A goblin zombie (Ossuary)
  4 hobgoblin zombies (Ossuary)
  A kobold zombie (Ossuary)
  An orc zombie (Ossuary)
  9 rats
  A butterfly (Lair:1)
1841 creatures vanquished.

Vanquished Creatures (others)
  A spriggan druid (Swamp:1)
  A deep elf pyromancer (D:14)
  A slime creature (D:13)
  3 bloated husks
  2 humans (D:13)
  A swamp drake (Swamp:4)
  An orc (Orc:2)
  2 foxfires (Swamp:3)
12 creatures vanquished.

Grand Total: 1853 creatures vanquished

Notes
Turn   | Place    | Note
-------+----------+-------------------------------------------
     0 | D:1      | Flugkiller the Octopode Shapeshifter began the quest for
                  | the Orb.
     0 | D:1      | Reached XP level 1. HP: 13/13 MP: 1/1
   104 | D:1      | Reached XP level 2. HP: 17/19 MP: 2/2
   266 | D:1      | Reached XP level 3. HP: 24/24 MP: 3/3
   817 | D:2      | Reached XP level 4. HP: 16/30 MP: 4/4
  1297 | D:2      | Found an ancient bone altar of Kikubaaqudgha.
  1919 | D:3      | Found a glowing drain.
  1930 | Sewer    | Entered a sewer
  1973 | Sewer    | Reached XP level 5. HP: 36/36 MP: 5/5
  2030 | Sewer    | Found a viscous altar of Jiyva.
  2130 | Sewer    | HP: 1/36 [acid (7)]
  2387 | D:3      | Found Liqouced's Assorted Antiques.
  2396 | D:3      | Bought a lead wand for 104 gold pieces
  2496 | D:3      | Found a blossoming altar of Fedhas.
  2498 | D:3      | Found a basalt altar of Yredelemnul.
  2500 | D:3      | Reached XP level 6. HP: 42/42 MP: 6/6
  2503 | D:3      | Found a glowing silver altar of Zin.
  2601 | D:3      | Found an iron altar of Okawaru.
  2614 | D:3      | Reached skill level 4 in Shapeshifting
  3052 | D:4      | Found a sand-covered staircase.
  3061 | Ossuary  | Entered an ossuary
  3185 | Ossuary  | Reached XP level 7. HP: 39/47 MP: 7/7
  3366 | Ossuary  | Reached skill level 5 in Unarmed Combat
  3502 | Ossuary  | Reached skill level 5 in Shapeshifting
  3703 | Ossuary  | Reached skill level 5 in Dodging
  3703 | Ossuary  | Reached XP level 8. HP: 46/54 MP: 8/8
  3814 | D:4      | Identified a scroll of acquirement
  3860 | D:4      | You fall into a shaft and drop 3 floors!
  3980 | D:7      | Reached skill level 6 in Shapeshifting
  4313 | D:7      | Reached skill level 7 in Shapeshifting
  4487 | D:5      | Entered Level 5 of the Dungeon
  4497 | D:5      | Reached skill level 5 in Fighting
  4497 | D:5      | Reached XP level 9. HP: 31/61 MP: 9/9
  4714 | D:4      | Reached skill level 8 in Shapeshifting
  4895 | D:4      | Found a hide-covered altar of Uskayaw.
  5211 | D:4      | Acquired the ring "Gasiadir" {Will+ Dex+3}
  5678 | D:6      | Reached skill level 9 in Shapeshifting
  5865 | D:3      | Bought a runed bronze wand for 104 gold pieces
  5980 | D:6      | Found a staircase to the Ecumenical Temple.
  6008 | Temple   | Entered the Ecumenical Temple
  6017 | Temple   | Became a worshipper of the Wu Jian Council
  6128 | D:6      | Reached skill level 1 in Evocations
  6803 | D:7      | Reached skill level 10 in Shapeshifting
  7007 | D:7      | Reached XP level 10. HP: 54/66 MP: 10/10
  7087 | D:7      | Reached skill level 5 in Evocations
  7290 | D:7      | Reached * piety under Wu Jian
  7897 | D:8      | Found an opulent altar of Gozag.
  7957 | D:8      | Found an ancient bone altar of Kikubaaqudgha.
  8196 | D:9      | Noticed a cyclops
  8532 | D:9      | Killed a cyclops
  8533 | D:9      | Acquired 893 gold pieces
  8600 | D:9      | Noticed a two-headed ogre
  8629 | D:9      | Killed a two-headed ogre
  8706 | D:9      | Found a staircase to the Orcish Mines.
  8987 | D:9      | Reached XP level 11. HP: 59/72 MP: 11/11
  9218 | D:9      | Found a burning altar of Makhleb.
  9300 | D:9      | Reached ** piety under Wu Jian
  9343 | D:9      | Paralysed by a hornet for 1 turns
 10036 | D:9      | Found a stormy altar of Qazlal.
 10054 | D:10     | Entered Level 10 of the Dungeon
 10653 | D:10     | Found a shimmering blue altar of Sif Muna.
 10768 | D:11     | Found a staircase to the Lair.
 10770 | D:11     | Noticed an oklob plant
 10900 | D:11     | Reached *** piety under Wu Jian
 10971 | D:11     | Noticed Sonja
 10983 | D:11     | Killed Sonja
 10984 | D:11     | Reached skill level 10 in Dodging
 11032 | D:11     | Noticed Maurice
 11041 | D:11     | Killed Maurice
 11050 | D:11     | Found Isuireer's Assorted Antiques.
 11058 | D:11     | Noticed a two-headed ogre
 11070 | D:11     | Killed a two-headed ogre
 11145 | D:11     | Reached XP level 12. HP: 81/82 MP: 12/12
 11524 | Lair:1   | Entered Level 1 of the Lair of Beasts
 11804 | Lair:1   | You fall into a shaft and drop 1 floor!
 13030 | Lair:1   | Reached skill level 10 in Unarmed Combat
 13211 | Lair:1   | Reached XP level 13. HP: 62/90 MP: 13/13
 13635 | Lair:3   | Reached skill level 11 in Shapeshifting
 13642 | Lair:3   | Found a staircase to the Swamp.
 13663 | Lair:3   | Reached **** piety under Wu Jian
 14087 | Lair:3   | Found a staircase to the Snake Pit.
 14421 | Lair:4   | Acquired the ring of Dithmenos's Whim {Fly rF+ rN+ Will+}
 14427 | Lair:4   | Reached skill level 10 in Fighting
 14724 | Lair:4   | Acquired the +2 hat of the Wheelwright {rC+ Int+2 Dex+2}
 15584 | Lair:5   | Entered Level 5 of the Lair of Beasts
 15611 | Lair:5   | Found a dark tunnel.
 15618 | Volcano  | Entered a volcano
 15632 | Volcano  | Reached XP level 14. HP: 99/99 MP: 14/14
 15791 | Volcano  | Identified the +2 hat of the Morning {Int+3}
 15953 | Lair:4   | Reached skill level 12 in Shapeshifting
 16324 | Lair:5   | Identified the +6 trident of Dullness {heavy, rN+ MP+9
                  | Dex-4 Stlth+}
 16647 | Lair:5   | Found a runed translucent door.
 16648 | Lair:5   | Found a viscous altar of Jiyva.
 16650 | Lair:5   | Found a staircase to the Slime Pits.
 16665 | Lair:5   | Reached ***** piety under Wu Jian
 17731 | D:12     | Reached skill level 13 in Shapeshifting
 18183 | D:13     | Noticed Kirke
 18202 | D:13     | Killed Kirke
 18224 | D:13     | Reached XP level 15. HP: 42/108 MP: 15/15
 18674 | D:14     | Found a gate to the Vaults.
 18850 | D:14     | Reached skill level 14 in Shapeshifting
 19442 | D:15     | Entered Level 15 of the Dungeon
 19594 | D:15     | Found a bloodstained altar of Trog.
 19608 | D:15     | Found Duamyasa's Assorted Antiques.
 19617 | D:15     | Bought a scroll labelled GITER MAXKA for 25 gold pieces
 19694 | D:15     | Found Poqec's Weapon Shoppe.
 19770 | D:15     | Found Vinkuxyen's Magic Scroll Shoppe.
 19778 | D:15     | Bought a scroll of acquirement for 624 gold pieces
 19778 | D:15     | Bought a scroll of revelation for 90 gold pieces
 19778 | D:15     | Acquired a manual of Unarmed Combat
 19877 | D:15     | Found Tacage's General Store.
 19977 | D:15     | Reached skill level 15 in Shapeshifting
 20373 | D:15     | Found a staircase to the Depths.
 20628 | Orc:1    | Entered Level 1 of the Orcish Mines
 20637 | Orc:1    | Noticed an orc warlord
 20709 | Orc:1    | Killed an orc warlord
 20710 | Orc:1    | Reached skill level 16 in Shapeshifting
 20974 | Orc:2    | Entered Level 2 of the Orcish Mines
 21052 | Orc:2    | Found Omnas's Overcharged Wands.
 21060 | Orc:2    | Found a staircase to the Elven Halls.
 21165 | Orc:2    | Noticed an orc warlord
 21184 | Orc:2    | Killed an orc warlord
 21186 | Orc:2    | Reached XP level 16. HP: 114/114 MP: 16/16
 21205 | Orc:2    | Reached skill level 15 in Unarmed Combat
 21269 | Orc:2    | Found Seufuf's General Store.
 21270 | Orc:2    | Found Habb's Jewellery Boutique.
 21272 | Orc:2    | Found Zyxzug's Antique Armour Boutique.
 21272 | Orc:2    | Found Suutt's Antique Weapon Shop.
 21416 | Orc:1    | Noticed Urug
 21422 | Orc:1    | Noticed Josephine
 21435 | Orc:1    | Killed Josephine
 21443 | Orc:1    | Killed Urug
 21535 | Orc:2    | Upgraded the game from 0.31-a0-618-g7ca08c1ff9 to
                  | 0.31-a0-620-gd1cbd99268
 21592 | Orc:2    | Bought a +4 ring of protection for 540 gold pieces
 21762 | Swamp:1  | Entered Level 1 of the Swamp
 21861 | Swamp:1  | Noticed a fenstrider witch
 21868 | Swamp:1  | Killed a fenstrider witch
 22093 | Swamp:1  | Noticed Aizul
 22100 | Swamp:1  | Killed Aizul
 22768 | Swamp:3  | Reached ****** piety under Wu Jian
 23146 | Swamp:4  | Entered Level 4 of the Swamp
 23187 | Swamp:4  | Reached XP level 17. HP: 122/122 MP: 17/17
 23294 | Swamp:4  | Identified the +8 sling "Luaruch" {antimagic, rCorr Dex+3
                  | SInv}
 23445 | Swamp:4  | Got a decaying rune of Zot
 23767 | Snake:1  | Entered Level 1 of the Snake Pit
 24424 | Snake:2  | Reached XP level 18. HP: 132/132 MP: 18/18
 24463 | Snake:2  | Reached skill level 10 in Evocations
 24493 | Snake:2  | Found Rion Asat's Antique Armour Emporium.
 24907 | Snake:3  | Reached skill level 15 in Fighting
 25553 | Snake:4  | Entered Level 4 of the Snake Pit
 25553 | Snake:4  | Found a frozen archway.
 25576 | IceCv    | Entered an ice cave
 25810 | IceCv    | Got the Compendium of Hypothermia
 25933 | Snake:4  | Noticed Asterion
 25939 | Snake:4  | Killed Asterion
 26078 | Snake:4  | Reached skill level 15 in Dodging
 26195 | Snake:4  | Reached skill level 17 in Shapeshifting
 26195 | Snake:4  | Reached XP level 19. HP: 139/139 MP: 19/19
 26213 | Snake:4  | Got a serpentine rune of Zot
 26309 | Snake:4  | Noticed Nikola
 26314 | Snake:4  | Killed Nikola
 26996 | Vaults:1 | Entered Level 1 of the Vaults
 27034 | Vaults:1 | Reached skill level 18 in Shapeshifting
 27337 | Vaults:1 | Identified the +4 chain mail "Iduhob" {Will++}
 27539 | Vaults:1 | Reached skill level 19 in Shapeshifting
 27801 | Vaults:1 | Identified the +10 long sword of the Slime-mould {vamp,
                  | Int+3}
 27947 | Vaults:1 | Reached XP level 20. HP: 145/145 MP: 20/20
 28172 | Vaults:2 | Noticed Frederick
 28175 | Vaults:2 | Killed Frederick
 28360 | Vaults:2 | Reached skill level 20 in Shapeshifting
 28632 | Vaults:2 | Noticed Norris
 28637 | Vaults:2 | Killed Norris
 28750 | Vaults:2 | Found a staircase to the Crypt.
 28750 | Vaults:2 | You are sucked into a shaft and drop 2 floors!
 28922 | Vaults:4 | Found Rakhemm's Assorted Antiques.
 29135 | Vaults:4 | Noticed Jory
 29139 | Vaults:4 | Killed Jory
 29569 | Vaults:3 | Identified the +7 orcbow of Valour {antimagic, Fragile rF+
                  | Int+3 Dex+2}
 29686 | Vaults:3 | Noticed Margery
 29694 | Vaults:3 | Killed Margery
 29802 | Vaults:3 | Found Baunadun's Armour Shop.
 29806 | Vaults:3 | Reached XP level 21. HP: 154/154 MP: 21/21
 30071 | Vaults:3 | Paralysed by a formless jellyfish for 1 turns
 30668 | Vaults:3 | Reached skill level 21 in Shapeshifting
 31600 | Vaults:5 | Entered Level 5 of the Vaults
 31619 | Vaults:5 | Found Moneonat's Distillery.
 31723 | Vaults:5 | Reached XP level 22. HP: 163/163 MP: 22/22
 31766 | Vaults:5 | Reached skill level 22 in Shapeshifting
 31781 | Vaults:5 | Noticed a golden dragon
 31783 | Vaults:5 | Killed a golden dragon
 31820 | Vaults:5 | Found Rushuirgh's Antique Weapon Shoppe.
 31860 | Vaults:5 | Found Gurhoept's Distillery.
 31868 | Vaults:5 | Got a silver rune of Zot
 31884 | Vaults:5 | Bought 2 potions of mutation for 192 gold pieces
 31905 | Vaults:5 | Found Cod Pike's Jewellery Shop.
 31915 | Vaults:5 | Found Hegin's Antique Weapon Shoppe.
 31916 | Vaults:5 | Found Qoigozi's Antique Armour Shoppe.
 32717 | Vaults:5 | Found Weppoa Zotoy's Distillery.
 32934 | Depths:1 | Entered Level 1 of the Depths
 32993 | Depths:1 | Found Bienyuku's General Store.
 33004 | Depths:1 | Noticed Bai Suzhen
 33011 | Depths:1 | Killed Bai Suzhen
 33483 | Depths:1 | Found a glowing golden altar of the Shining One.
 33483 | Depths:1 | Found a glowing silver altar of Zin.
 33483 | Depths:1 | Found a white marble altar of Elyvilon.
 33595 | Depths:1 | Found a gateway to Hell.
 33652 | Depths:1 | Reached XP level 23. HP: 172/172 MP: 23/23
 33955 | Vaults:4 | Bought a +4 ring of protection for 900 gold pieces
 33955 | Vaults:4 | Bought 2 potions of heal wounds for 250 gold pieces
 34281 | Depths:2 | Found a one-way gate leading to the halls of Pandemonium.
 34402 | Depths:2 | Reached skill level 23 in Shapeshifting
 35080 | Depths:2 | Identified the amulet of the Okapi {Rampage rPois Will+
                  | Regen+ MP-9}
 35611 | Depths:3 | Noticed a golden dragon
 35619 | Depths:3 | Killed a golden dragon
 35620 | Depths:3 | Found a one-way gate to the infinite horrors of the Abyss.
 35679 | Depths:3 | Noticed a juggernaut
 35685 | Depths:3 | Killed a juggernaut
 35820 | Depths:3 | Found a snail-covered altar of Cheibriados.
 36336 | Depths:4 | Entered Level 4 of the Depths
 36336 | Depths:4 | Noticed Boris
 36346 | Depths:4 | Noticed Louise
 36563 | Depths:2 | Identified the +1 battleaxe "Ypiecu" {drain, rPois Str+2
                  | SInv}
 36727 | Depths:3 | Noticed a golden dragon
 36730 | Depths:3 | Killed a golden dragon
 36781 | Depths:4 | Found a one-way gateway to a ziggurat.
 36838 | Depths:4 | Reached skill level 24 in Shapeshifting
 36842 | Depths:4 | Reached XP level 24. HP: 180/180 MP: 14/23
 36847 | Depths:4 | Killed Boris
 36916 | Depths:4 | Found a gate to the Realm of Zot.
 36918 | Depths:4 | Identified the +6 mace of Ykasar {speed, rCorr Dex+2}
 37001 | Depths:4 | Killed Louise
 37641 | Zot:1    | Entered Level 1 of the Realm of Zot
 37836 | Zot:2    | Noticed a curse toe
 37837 | Zot:2    | Noticed Grunn
 37851 | Zot:2    | Killed Grunn
 37859 | Zot:2    | Killed a curse toe
 37977 | Zot:5    | Entered Level 5 of the Realm of Zot
 38095 | Zot:5    | Noticed an orb of fire
 38095 | Zot:5    | Gained mutation: You are frail. (-10% HP) [an orb of fire]
 38096 | Zot:5    | Killed an orb of fire
 38097 | Zot:5    | Reached skill level 25 in Shapeshifting
 38545 | Zot:5    | Lost mutation: You are frail. (-10% HP) [potion of
                  | mutation]
 38545 | Zot:5    | Gained mutation: You occasionally shout uncontrollably at
                  | your foes. [potion of mutation]
 38545 | Zot:5    | Gained mutation: You passively map a small area around you.
                  | [potion of mutation]
 38558 | Zot:5    | Reached XP level 25. HP: 190/190 MP: 14/23
 38595 | Zot:5    | Noticed a Killer Klown
 38596 | Zot:5    | Noticed an orb of fire
 38601 | Zot:5    | Gained mutation: You are dopey. (Int -2) [an orb of fire]
 38603 | Zot:5    | Killed a Killer Klown
 38605 | Zot:5    | Killed an orb of fire
 38612 | Zot:5    | Noticed an orb of fire
 38615 | Zot:5    | Gained mutation: You frequently scream uncontrollably at
                  | your foes. [an orb of fire]
 38619 | Zot:5    | Killed an orb of fire
 38620 | Zot:5    | Noticed a Killer Klown
 38624 | Zot:5    | Killed a Killer Klown
 38625 | Zot:5    | Noticed a Killer Klown
 38628 | Zot:5    | Killed a Killer Klown
 38634 | Zot:5    | Noticed a Killer Klown
 38637 | Zot:5    | Killed a Killer Klown
 38648 | Zot:5    | Noticed a Killer Klown
 38651 | Zot:5    | Killed a Killer Klown
 38677 | Zot:5    | Noticed a dread lich
 38681 | Zot:5    | Killed a dread lich
 38683 | Zot:5    | Noticed an orb of fire
 38684 | Zot:5    | Noticed a Killer Klown
 38685 | Zot:5    | Killed an orb of fire
 38687 | Zot:5    | Killed a Killer Klown
 38689 | Zot:5    | Noticed a Killer Klown
 38691 | Zot:5    | Noticed a dread lich
 38698 | Zot:5    | Killed a dread lich
 38700 | Zot:5    | Killed a Killer Klown
 39022 | Zot:5    | Got the Orb of Zot
 39611 | D:1      | gg
 39612 | D:$      | Escaped with the Orb!

Illustrated notes

....##....#########...# ###
....##............#...# #.#
..####..#..####......####### #.#
.###....##.####...#........# #.#
.###.##.##.................# ##.#
.......###........[........# #...
....)###.##..........#####.###...
###.## #..############.###.......
# #.## ##.## ##D# ##...#.###... #
#..###...####..# ##....#.# #... #
##...#........####.##..#.###.## #
###.#..##..### #......#...#.# #
#..#.###.## ####.#.#.#.....#
#..##..#.####.#..#####..#..#
#####...##....#.##..###....##.##
......#..###.##....####.#..##.###
...........#..#...####..#........


Turn 39611 on D:1: gg

Levels and vault maps discovered:
D:1:      lemuel_arrival_tunnels, layout_rooms, minmay_misc_feat_alley,
          minmay_3d_cube
D:2:      layout_loops_ring, basic_altar, cheibrodos_gnoll_hut
D:3:      layout_basic, minitemple, mainiacjoe_overflow_24_doors,
          portal_sewer_entry_d, serial_shops,
          nicolae_shop_pleasant_corner_grove, st_stairs_10,
          grunt_decor_arrowhead
D:4:      layout_basic, general_overflow_altar, nicolae_ossuary_entry_monument
D:5:      layout_loops_ring, chequers_serial_rivers_micro_e, hellmonk_no_cap
D:6:      layout_loops_ring, minmay_temple_entry_ruins, serial_bayou_pond_b
D:7:      layout_basic, minmay_between
D:8:      layout_loops_ring, grunt_gozag_breadcrumbs, kiku_gazebo_pond_becter,
          grunt_ministairs_13, minmay_crystal_water
D:9:      layout_basic, kennysheep_little_box, demons_altar,
          kennysheep_orc_monster_closet_entryway
D:10:     layout_roguey, kennysheep_orc_sif_temple
D:11:     layout_long_grid, dpeg_oklobed_lair, serial_shops, shop, uniq_maurice,
          uniq_sonja
D:12:     layout_basic
D:13:     layout_gridville, serial_bayou_pond_d, uniq_kirke
D:14:     nicolae_BIG_FREAKIN_CUBE, layout_basic,
          hellmonk_vaults_attempted_burglary, nicolae_elevator_lobby_plus
D:15:     gammafunk_enter_depths_forms, layout_irregular_city, bloody_trog,
          serial_shops, shop, shop, nicolae_shop_tiny_statue_garden, shop,
          nicolae_twisty_statue_hallways
Temple:   hellmonk_temple_flake
Lair:1:   layout_hall_layers, serial_bayou_lagoon_a, lemuel_fruit_fields
Lair:2:   layout_loops_ring, minivault_23
Lair:3:   layout_cave_shapes, minmay_swamp_entry_worms,
          alex1729_snake_entry_snake, nicolae_quartered_pool_little
Lair:4:   layout_cellular_growth
Lair:5:   gammafunk_lair_ancient_temple, layout_loops_ring, slime_entry_2,
          nicolae_volcano_entry_hallway, serial_bayou_crossing
Swamp:1:  layout_basic_swamp, hangedman_swamp_diagram, uniq_aizul
Swamp:2:  layout_falls_marsh, evilmike_swamp_ruin_rubble_2, swamp_pool1
Swamp:3:  layout_basic_swamp, nicolae_swamp_some_circles
Swamp:4:  swamp_fiery, layout_basic_swamp
Snake:1:  layout_onion_interference, grunt_megastairs_5
Snake:2:  layout_onion_interference, serial_shops, shop, serial_bayou_pond_d,
          nicolae_snake_lava_pool
Snake:3:  layout_basic, hangedman_snake_thin_pillar_pass
Snake:4:  grunt_snake_rune_spirals, layout_onion,
          portal_ice_cave_entry_ugly_swarm, uniq_nikola, uniq_asterion
Orc:1:    layout_caves, uniq_urug, uniq_josephine
Orc:2:    st_orc_congregation, layout_diamond_mine,
          nicolae_shop_overcharged_wands
Vaults:1: ontoclasm_vaults_ring_large, nicolae_vaults_closet_pinwheel_4,
          v_misc_29, hangedman_vaults_river_flow, nicolae_vaults_murder_corner,
          vaults_room_door_ring, nicolae_vaults_angled_halls,
          nicolae_vaults_little_squares_4, v_misc_13, dpeg_vaults_monster_box,
          nicolae_vaults_closet_pinwheel_1, nicolae_vaults_sightless_eye,
          layout_vaults_big_room
Vaults:2: nicolae_vaults_octothorpe, nicolae_vaults_trapezoid_layered,
          grunt_vaults_funnel, minmay_crypt_entry_skeletal_spiral,
          nicolae_vaults_shipping_containers_4, vaults_room_door_hall,
          vaults_room_door_ring, nicolae_vaults_variable_pillar_hall,
          vaults_room_hallway, nicolae_vaults_variable_pillar_hall,
          layout_vaults_quadrants, uniq_frederick, uniq_norris
Vaults:3: v_misc_31, v_misc_14, st_more_cells, nicolae_vaults_network_periphery,
          hangedman_vaults_snaps, vaults_mumra_hex,
          nicolae_vaults_offset_grid_hallway_4, nicolae_vaults_layer_cake_slice,
          nicolae_vaults_little_squares_6, vaults_room_corners, v_rooms_4,
          nicolae_vaults_house_3, layout_vaults_omnicross, serial_shops, shop,
          uniq_margery
Vaults:4: nicolae_vaults_surprise_closet_hard, nicolae_vaults_mini_display_case,
          nicolae_vaults_trapezoid_2, hangedman_vaults_stagger,
          nicolae_vaults_closet_pinwheel_5, v_misc_14,
          nicolae_vaults_variable_pillar_hall, v_misc_5,
          vaults_standard_mumra_enter_the_diamond, nicolae_vaults_tetromino_T_1,
          nicolae_vaults_two_Ls, layout_vaults_ring, serial_shops,
          nicolae_shop_rolling_square, uniq_jory
Vaults:5: serial_shops
Depths:1: layout_small_grid, good_gods_mini_temple, serial_shops, shop,
          hangedman_geh_valley, kennysheep_generic_room_6,
          infiniplex_staircase_pool_lava, uniq_bai_suzhen
Depths:2: cheibrodos_quadrivalence, layout_gridlike, pf_coc_iceberg, pan_entry,
          small_statue_intersection
Depths:3: minmay_diamond_stairs, layout_long_grid, grunt_hell_entry_dis_old,
          minmay_misc_feat_roman, abyss_entry_crystal, chei_slow_surprise,
          firewood_loft, minmay_staircase_bubble
Depths:4: lemuel_castle_with_subvaults [lemuel_castle_interior_original],
          layout_cross, enter_ziggurat_d, hell_entry,
          nicolae_abyss_entry_one_way_or_another, wad_floor_pattern_untrapped,
          uniq_boris
Zot:1:    layout_onion_interference
Zot:2:    layout_gridlike, gammafunk_ghost_ooze, uniq_josephina, uniq_grunn
Zot:3:    layout_cathedral_of_symmetry
Zot:4:    kennysheep_six_static_rooms, layout_gridlike, ebering_ghost_xom,
          st_large_dragon_hoard_1, lemuel_elevator
Zot:5:    layout_onion

Skill      XL: |  1  2  3  4  5  6  7  8  9 10 11 12 13 14 15 16 17 18 19 20 21 22 23 24 25 |
---------------+----------------------------------------------------------------------------+-----
Fighting       | 2 3 4 5 6 8 9 10 12 13 14 15 16 17 18 19 20 22 | 22.0
Dodging        | 3 5 8 10 11 12 14 15 16 17 | 17.0
Unarmed Combat | 4 5 8 10 11 12 13 18 19 20 21 22 23 24 | 24.7
Shapeshifting  | 4 5 7 10 11 13 16 17 19 20 21 22 24 25 | 25.0
Evocations     | 4 6 9 10 | 10.0

Action                     |  1- 3 |  4- 6 |  7- 9 | 10-12 | 13-15 | 16-18 | 19-21 | 22-24 | 25-27 || total
---------------------------+-------+-------+-------+-------+-------+-------+-------+-------+-------++-------
  Melee: Unarmed           |    61 |   139 |   306 |   594 |  1142 |   807 |   810 |   883 |   179 ||  4921
         Tentacles         |    11 |    30 |    88 |   197 |   376 |   173 |   118 |       |       ||   993
         Constrict         |    11 |    28 |    83 |   108 |   131 |   119 |    63 |       |       ||   543
         Punch             |     1 |     7 |     5 |     1 |     3 |   104 |   158 |   137 |    26 ||   442
         Tailslap          |       |       |       |       |       |       |    77 |   158 |    36 ||   271
         Bite              |       |       |       |       |       |       |    55 |   130 |    24 ||   209
 Invoke: Serpent's Lash    |       |       |       |     6 |    16 |     4 |     7 |    15 |     3 ||    51
         Heavenly Storm    |       |       |       |       |     2 |     2 |     1 |     1 |     2 ||     8
Ability: Lunge             |       |       |    10 |    50 |    52 |    87 |    80 |   111 |    22 ||   412
         Whirlwind         |       |       |       |    29 |   168 |   155 |   107 |   204 |    75 ||   738
  Evoke: Wand              |       |       |       |     6 |       |       |       |       |       ||     6
    Use: Potion            |       |     4 |       |     6 |     1 |       |     1 |     1 |     4 ||    17
         Scroll            |       |     2 |    14 |    10 |     6 |       |     3 |     4 |     2 ||    41
   Stab: Sleeping          |     5 |    13 |     6 |     2 |     2 |    18 |    14 |     3 |       ||    63
         Distracted        |     1 |       |     1 |     1 |     3 |     6 |       |       |     1 ||    13
 Armour: Skin              |     2 |     8 |     9 |    32 |    46 |   219 |   133 |   149 |    13 ||   611
  Dodge: Dodged            |    30 |    99 |   213 |   463 |   991 |  1195 |   781 |   583 |    64 ||  4419
   Form: Flux              |       |       |     1 |       |       |       |       |       |       ||     1
         Statue            |       |       |       |       |     1 |       |       |       |       ||     1
         Dragon            |       |       |       |       |       |       |     1 |       |       ||     1

Table legend: (Time is in decaauts)
 A = Elapsed time spent in this place.
 B = Non-inter-level travel time spent in this place.
 C = Inter-level travel time spent in this place.
 D = Time resting spent in this place.
 E = Time spent auto-exploring this place.
 F = Levels seen in this place.
 G = Mean time per level.
                   A        B        C        D        E       F      G
               +--------+--------+--------+--------+--------+-----+--------+
         Total |  42657 |  38783 |   3874 |   4932 |  24227 |  49 |  870.6 |
       Dungeon |  14518 |  13249 |   1269 |   2859 |   7456 |  15 |  967.9 |
        Temple |     93 |     85 |      8 |     75 |      0 |   1 |   93.0 |
          Lair |   5460 |   4849 |    611 |    653 |   2991 |   5 | 1092.0 |
         Swamp |   2815 |   2594 |    221 |     70 |   1840 |   4 |  703.8 |
     Snake Pit |   3987 |   3724 |    263 |     19 |   2788 |   4 |  996.8 |
  Orcish Mines |   1286 |   1087 |    199 |     18 |    727 |   2 |  643.0 |
        Vaults |   6861 |   6165 |    696 |    122 |   4677 |   5 | 1372.2 |
        Depths |   4373 |   3886 |    487 |    493 |   2570 |   4 | 1093.2 |
           Zot |   1462 |   1345 |    117 |     95 |    661 |   5 |  292.4 |
         Sewer |    347 |    347 |      0 |     44 |    118 |   1 |  347.0 |
       Ossuary |    735 |    735 |      0 |    408 |    117 |   1 |  735.0 |
      Ice Cave |    460 |    460 |      0 |     25 |    235 |   1 |  460.0 |
       Volcano |    254 |    254 |      0 |     50 |     45 |   1 |  254.0 |
               +--------+--------+--------+--------+--------+-----+--------+

Top non-repeatable levels by time:
Vaults:2: 1666 daAuts
Vaults:1: 1575 daAuts
     D:9: 1524 daAuts
Vaults:3: 1365 daAuts
 Snake:3: 1310 daAuts
Depths:3: 1302 daAuts
Depths:2: 1294 daAuts
 Snake:4: 1280 daAuts
     D:8: 1226 daAuts
    D:15: 1167 daAuts
  Lair:3: 1149 daAuts
  Lair:4: 1139 daAuts
Vaults:4: 1131 daAuts
Vaults:5: 1122 daAuts
  Lair:5: 1112 daAuts
